 Dungeon Crawl Stone Soup version 0.27.1-33-g824d729ab1 (webtiles) character file.

Game seed: 13961315061045735841

96 Gabide the Twirler (level 4, -2/27 HPs)
             Began as a Tengu Gladiator on Dec 18, 2021.
             Slain by Duvessa (5 damage)
             ... on level 4 of the Dungeon.
             The game lasted 00:02:49 (1888 turns).

Gabide the Twirler (Tengu Gladiator)                Turns: 1888, Time: 00:02:49

Health: -2/27      AC:  3    Str: 15    XL:     4   Next: 67%
Magic:  5/5        EV: 13    Int:  9    God:
Gold:   78         SH:  0    Dex: 15    Spells: 3/3 levels left

rFire    . . .     SeeInvis .   a - +0 quarterstaff
rCold    . . .     Faith    .   (shield currently unavailable)
rNeg     . . .     Spirit   .   b - +0 leather armour
rPois    .         Reflect  .   c - +0 hat
rElec    .         Harm     .   (no cloak)
rCorr    .         Rampage  .   (no gloves)
Will     .....                  (boots unavailable)
Stlth    +.........             (no amulet)
HPRegen  0.09/turn              (no ring)
MPRegen  0.09/turn              (no ring)

@: no status effects
A: beak, talons 3
a: no special abilities


You were on level 4 of the Dungeon.
You visited 1 branch of the dungeon, and saw 4 of its levels.

You collected 78 gold pieces.

Inventory:

Hand Weapons
 a - a +0 quarterstaff (weapon)
 g - a +2 dagger of electrocution
Missiles
 d - 3 throwing nets (quivered)
Armour
 b - a +0 leather armour (worn)
 c - a +0 hat (worn)
Scrolls
 e - a scroll of identify
 f - a scroll of magic mapping
 h - a scroll of blinking {unknown}
 i - 2 scrolls of noise {unknown}


   Skills:
 * Level 2.8 Fighting
 + Level 4.3 Staves
 - Level 2.0 Throwing
 + Level 1.7 Armour
 + Level 3.8 Dodging
 + Level 0.1 Stealth


You had 3 spell levels left.
You didn't know any spells.
Your spell library was empty.

Dungeon Overview and Level Annotations

Branches:
Dungeon (3/15)

Altars:

Annotations:
D:4 Dowan, Duvessa


Innate Abilities, Weirdness & Mutations

You have a beak for a mouth.
You have claws for feet.


Message History

Moving in this stuff is going to be slow.
You enter the shallow water.
Moving in this stuff is going to be slow.
i - 2 scrolls labelled EMULUE MOWIAH (gained 1)
An endoplasm comes into view.
Found 11 gold pieces.
An endoplasm is nearby!
You fall into a shaft and drop 1 floor!
The shaft crumbles and collapses.
Found 25 sling bullets.
No target in view!
Found 10 gold pieces.
A goblin comes into view. It is wielding a +0 dagger.
A goblin is nearby!
The goblin shouts!
You hear a shout!
The goblin unwields a +0 dagger.
The goblin wields a +0 hunting sling.
The goblin shoots a stone.
The stone barely misses you.
Duvessa, Sister of Dowan comes into view.
She is wielding a +0 rapier and wearing a +2 ring mail of fire resistance.
The goblin shoots a stone.
The stone hits you but does no damage.
Found a scroll labelled CEATRA HUMOASH.
The goblin unwields a +0 hunting sling.
The goblin wields a +0 dagger.
The goblin hits you with a +0 dagger.
You hit the goblin but do no damage. Your kick misses the goblin.
The goblin barely misses you.
You thump the goblin!
You kill the goblin!
Dowan, Brother of Duvessa comes into view.
He is wielding a +0 dagger.
Dowan gestures wildly while chanting.
Dowan blinks!
Duvessa hits you with a +0 rapier!
You hit Duvessa. Your kick misses Duvessa.
Duvessa is lightly wounded.
Duvessa hits you with a +0 rapier!
* * * LOW HITPOINT WARNING * * *
You are too injured to fight recklessly!
You are too injured to fight recklessly!
You are too injured to fight recklessly!
You are too injured to fight recklessly!
You are too injured to fight recklessly!
It was a potion of magic.
Magic courses through your body. Duvessa hits you with a +0 rapier.
You die...

##...........#
.#............# .
#............# ###..
#............##$....
....................
................e...
...........#..#+#..
..........##.e+
........####.@#
....###.. #..).....?
#### #.. ###.......
## ##...## ####


You could see Duvessa.

Vanquished Creatures
  An orc priest (D:3)
  Robin (D:2)
  2 orcs (D:3)
  5 endoplasms
  10 goblins
  9 hobgoblins
  4 jackals (D:1)
  2 quokkas
  3 bats
  6 frilled lizards
  4 kobolds
  3 rats
50 creatures vanquished.

Notes
Turn   | Place    | Note
-------+----------+-------------------------------------------
     0 | D:1      | Gabide the Tengu Gladiator began the quest for the Orb.
     0 | D:1      | Reached XP level 1. HP: 12/12 MP: 2/2
   220 | D:1      | Reached XP level 2. HP: 15/17 MP: 3/3
   596 | D:1      | Found a faded altar of an unknown god.
   965 | D:2      | Noticed Robin
   972 | D:2      | Reached XP level 3. HP: 21/21 MP: 4/4
   992 | D:1      | Reached skill level 1 in Armour
  1331 | D:2      | Killed Robin
  1332 | D:2      | Reached skill level 4 in Staves
  1634 | D:3      | Reached XP level 4. HP: 27/27 MP: 5/5
  1875 | D:3      | You fall into a shaft and drop 1 floor!
  1879 | D:4      | Noticed Duvessa
  1884 | D:4      | Noticed Dowan
  1888 | D:4      | Slain by Duvessa

Illustrated notes

Levels and vault maps discovered:
D:1:      dpeg_arrival_rooms_c, layout_basic,
          shapermc_ecumenical_altar_mp_highgroup
D:2:      layout_basic, basic_altar, serial_shops, nicolae_lakefront_shop,
          fountainhead, uniq_robin
D:3:      layout_basic, serial_rivers, chequers_serial_rivers_micro_a,
          chequers_serial_rivers_room_a, chequers_serial_rivers_small_a,
          chequers_serial_rivers_micro_a, chequers_serial_rivers_large_a
D:4:      layout_cave_pods, mainiacjoe_overflow_paths, kennysheep_mini_moat,
          uniq_duvessa, uniq_crazy_yiuf_cottage, uniq_grinder

Skill      XL: |  1  2  3 |
---------------+----------+-----
Armour         | 1 |  1.7
Staves         | 4 |  4.3
Fighting       | |  2.8
Throwing       | |  2.0
Dodging        | |  3.8
Stealth        | |  0.1

Action                   |  1- 3 |  4- 6 || total
-------------------------+-------+-------++-------
Melee: Quarterstaff      |    87 |    20 ||   107
       Kick              |    13 |     5 ||    18
       Peck              |    12 |     3 ||    15
  Use: Scroll            |     1 |       ||     1
       Potion            |       |     1 ||     1
 Stab: Sleeping          |     1 |       ||     1
Armor: Leather armour    |    14 |     3 ||    17
Dodge: Dodged            |    56 |    13 ||    69
